 Dungeon Crawl Stone Soup version 0.24-a0-176-gc3651c4 (webtiles) character file.

Game seed: 3238711991682323917

338 Lanoc the Chopper (level 6, -9/55 HPs)
             Began as a Minotaur Fighter on Mar 12, 2019.
             Mangled by an ogre
             ... wielding a +0 giant club
              (16 damage)
             ... on level 6 of the Dungeon.
             The game lasted 00:02:58 (1286 turns).

Lanoc the Chopper (Minotaur Fighter)                Turns: 1286, Time: 00:02:59

Health: -9/55      AC:  7    Str: 26    XL:     6   Next: 29%
Magic:  0/5        EV:  9    Int:  5    God:
Gold:   96         SH: 10    Dex: 11    Spells: 5/5 levels left

rFire    . . .     SeeInvis .   a - +0 war axe
rCold    + . .     Gourm    .   c - +0 shield
rNeg     . . .     Faith    .   j - +0 scale mail {rC+}
rPois    .         Spirit   +   (helmet restricted)
rElec    .         Reflect  .   (no cloak)
rCorr    .         Harm     .   (no gloves)
MR       +....                  (no boots)
Stlth    ..........             o - amulet of guardian spirit
HPRegen  0.18/turn              l - ring of protection from magic
MPRegen  0.09/turn              (no ring)

@: mighty, lethally poisoned (-9 -> -14)
A: retaliatory headbutt, horns 2
a: no special abilities


You were on level 6 of the Dungeon.
You were hungry.

You visited 1 branch of the dungeon, and saw 4 of its levels.

You collected 96 gold pieces.

Inventory:

Hand Weapons
 a - a +0 war axe (weapon)
Armour
 c - a +0 shield (worn)
 j - a +0 scale mail of cold resistance (worn)
Jewellery
 l - a ring of protection from magic (left hand)
 o - an amulet of guardian spirit (around neck)
Wands
 m - a wand of random effects (18)
Scrolls
 e - 5 scrolls of identify {unknown}
 g - 3 scrolls of remove curse {unknown}
 h - 2 scrolls of enchant armour {unknown}
 i - a scroll of amnesia {unknown}
 n - a scroll of noise {unknown}
Potions
 b - 2 potions of haste {unknown}
 k - a potion of cancellation {unknown}
 p - a potion of heal wounds {unknown}
Comestibles
 f - 4 rations


   Skills:
 + Level 4.9 Fighting
 * Level 5.3 Axes
 + Level 4.9 Armour
 + Level 2.7 Dodging
 - Level 4.0 Shields


You had 5 spell levels left.
You didn't know any spells.
Your spell library was empty.

Dungeon Overview and Level Annotations

Branches:
Dungeon (3/15)

Altars:
Cheibriados
Gozag
Nemelex Xobeh
Ru
The Shining One

Annotations:
D:3 1 runed translucent door, Crazy Yiuf


Innate Abilities, Weirdness & Mutations

You reflexively headbutt those who attack you in melee.
You have a pair of horns on your head.


Message History

The scorpion is almost dead.
You hit the ogre but do no damage. The scorpion stings you.
You are poisoned.
The scorpion poisons you! You block the ogre's attack.
You hit the scorpion.
You kill the scorpion!
You hit the phantom. You hit the ogre.
You feel sick. The ogre hits you but does no damage.
The phantom hits you but does no damage.
You are too injured to fight recklessly!
You are too injured to fight recklessly!
You barely miss the ogre. You headbutt the ogre!
The ogre is heavily wounded.
You closely miss the phantom.
You feel sick. The phantom hits you.
The ogre hits you with a +0 giant club!!
* * * LOW HITPOINT WARNING * * *
You feel very mighty all of a sudden. The phantom barely misses you.
You furiously retaliate!
You headbutt the phantom! The ogre hits you with a +0 giant club!
You die...

....## #..# #...# #....# #..
...# #####..# ##...### ...##.#.
#.# #..# .......# ......#. #.#
#.>#
..###...../......##.###..####.#
#### ....##....$..#.##.........
##.# ....##.....#...##.........
..## ..............#.........
.## .......@##.#..........
###.. ......†OW........(....
...... )..............#.#....
...... .......#.#####.######.
...... .....###.# .#.# ...##.
..... ..# # ## ....# .... ....
#..... .... .. .....


You could see a phantom and an ogre.

Vanquished Creatures
  A scorpion (D:6)
  An orc priest (D:3)
  Jessica (D:2)
  Natasha (thrice) (D:2)
  Terence (D:2)
  5 adders
  A shadow imp (D:6)
  An ooze (D:1)
  2 adder zombies (D:6)
  A worm (D:3)
  A dart slug (D:3)
  12 orcs
  A giant cockroach (D:3)
  6 goblins
  7 hobgoblins
  5 jackals
  3 kobolds (D:2)
  A quokka (D:3)
  A bat (D:1)
  A frilled lizard (D:1)
  A leopard gecko skeleton (D:6)
  4 rats
60 creatures vanquished.

Notes
Turn   | Place    | Note
-------+----------+-------------------------------------------
     0 | D:1      | Lanoc the Minotaur Fighter began the quest for the Orb.
     0 | D:1      | Reached XP level 1. HP: 19/19 MP: 0/0
     6 | D:1      | Noticed a polar bear
     6 | D:1      | Noticed a wolf
     6 | D:1      | Noticed an iguana
     6 | D:1      | Noticed a salamander
    61 | D:1      | Reached XP level 2. HP: 26/27 MP: 1/1
   112 | D:2      | Noticed Jessica
   113 | D:2      | Killed Jessica
   113 | D:2      | Reached skill level 3 in Axes
   113 | D:2      | Reached skill level 1 in Dodging
   113 | D:2      | Reached XP level 3. HP: 33/33 MP: 2/2
   139 | D:2      | Noticed Terence
   155 | D:2      | Killed Terence
   184 | D:2      | Found a sacrificial altar of Ru.
   215 | D:2      | Reached XP level 4. HP: 40/40 MP: 3/3
   333 | D:2      | Noticed Natasha
   341 | D:2      | Killed Natasha
   341 | D:2      | Reached skill level 4 in Axes
   362 | D:2      | Found a sparkling altar of Nemelex Xobeh.
   385 | D:2      | Noticed Natasha
   387 | D:2      | Killed Natasha
   387 | D:2      | Reached XP level 5. HP: 47/47 MP: 4/4
   387 | D:2      | Noticed Natasha
   396 | D:2      | Killed Natasha
   799 | D:3      | Reached skill level 5 in Axes
   898 | D:3      | Found a runed translucent door.
   899 | D:3      | Noticed Crazy Yiuf
   946 | D:3      | Found a glowing golden altar of the Shining One.
   947 | D:3      | Found a snail-covered altar of Cheibriados.
   948 | D:3      | Found an opulent altar of Gozag.
  1097 | D:3      | Reached XP level 6. HP: 53/53 MP: 5/5
  1126 | D:3      | You fall through a shaft for 3 floors!
  1286 | D:6      | Mangled by an ogre

Levels and vault maps discovered:
D:1:      onia_arrival_zoo_common, layout_rooms, minmay_cut_off
D:2:      layout_loops_ring, lemuel_coloured_pillars_altar,
          nemelex_xobeh_ov_fountains_minmay, uniq_jessica, uniq_natasha,
          uniq_terence
D:3:      layout_basic, chequers_temple_overflow_statue_of_worship,
          grunt_decor_cap, uniq_crazy_yiuf_cottage
D:6:      layout_layer_cave, minmay_joined_circles

Skill      XL: |  1  2  3  4  5 |
---------------+----------------+-----
Axes           | 3 4 5 |  5.3
Dodging        | 1 2 |  2.7
Shields        | 4 |  4.0
Armour         | 4 |  4.9
Fighting       | 4 |  4.9

Action                   |  1- 3 |  4- 6 || total
-------------------------+-------+-------++-------
Melee: War axe           |    36 |   109 ||   145
       Headbutt          |    10 |    16 ||    26
  Use: Potion            |       |     1 ||     1
  Eat: Chunk             |       |     1 ||     1
Armor: Scale mail        |    15 |    46 ||    61
Dodge: Dodged            |    16 |    35 ||    51
Block: Shield            |    19 |    53 ||    72

Table legend:
 A = Non-vault XP
 B = Vault XP
 C = Vault XP percentage of total XP
 D = Non-vault monster count
 E = Vault monster count
 F = Vault count percentage of total count
                 A         B        C        D         E       F
            +---------+---------+-------+---------+---------+-------
      Total |     375 |     109 |  22.5 |      57 |       3 |   5.0
            +---------+---------+-------+---------+---------+-------
        D:1 |      17 |       0 |   0.0 |       8 |       0 |   0.0
        D:2 |     127 |     109 |  46.2 |      15 |       3 |  16.7
        D:3 |     127 |       0 |   0.0 |      26 |       0 |   0.0
        D:6 |     104 |       0 |   0.0 |       8 |       0 |   0.0
            +---------+---------+-------+---------+---------+-------
